 Dungeon Crawl Stone Soup version 0.32-a0-630-g46d191b0ed (webtiles) character file.

Game seed: 3195978839822851127

3557 Esekla the Covert (level 10, -1/68 HPs)
             Began as an Octopode Delver on Mar 7, 2024.
             Was an Initiate of Gozag.
             Killed by the air
             ... invoked by Gastronok
              (36 damage)
             ... on level 8 of the Dungeon.
             The game lasted 00:40:54 (8212 turns).

Esekla the Covert (Octopode Delver)                 Turns: 8212, Time: 00:40:55

Health: -1/68      AC:  7    Str: 11    XL:     10   Next: 9%
Magic:  15/16      EV: 16    Int: 16    God:    Gozag
Gold:   1589       SH:  9    Dex: 17    Spells: 8/17 levels left

rFire   + . .        a - +3 falchion of Truncation {freeze, rF+ rN+ Dex+2}
rCold   . . .        (no shield)
rNeg    + . .        (helmet restricted)
rPois   .            t - amulet of reflection
rElec   .            (no ring)
rCorr   .            (no ring)
SInv    .            (no ring)
Will    .....        (no ring)
Stlth   ++++++       (no ring)
HPRegen 0.31/turn    (no ring)
MPRegen 0.15/turn    (no ring)
                     (no ring)

%: reflection
@: ice-armoured, hasted, very quick
A: almost no armour, amphibious, 8 rings, camouflage 1, gelatinous body 1,
(nimble swimmer 1), tentacles, large bone plates 1, screaming 1
a: Renounce Religion, Potion Petition, Call Merchant, Bribe Branch


You were on level 8 of the Dungeon.
You worshipped Gozag.
Gozag was most pleased with you.
You visited 2 branches of the dungeon, and saw 9 of its levels.

You collected 1619 gold pieces.
You paid 30 gold pieces to Gozag.

Inventory:

Hand Weapons
 a - the +3 falchion of Truncation (weapon) {freeze, rF+ rN+ Dex+2}
   (You found it on level 4 of the Dungeon)

   Dex+2:     It affects your dexterity (+2).
   rF+:       It protects you from fire.
   rN+:       It protects you from negative energy.
 r - a +0 spear
 s - a +1 dagger of holy wrath
 A - a +4 long sword
Missiles
 k - 13 boomerangs (quivered)
 o - 23 poisoned darts
 w - 6 silver javelins
Jewellery
 p - a ring of ice
 t - an amulet of reflection (around mantle)
Wands
 c - a wand of warping (23)
 f - a wand of digging (3)
 n - a wand of acid (3)
Scrolls
 b - a scroll of fog
 d - 2 scrolls of fear
 g - 2 scrolls of enchant weapon
 j - 3 scrolls of teleportation
 l - a scroll of acquirement {unknown}
 m - a scroll of immolation {unknown}
 q - a scroll of revelation
 u - 4 scrolls of poison
 x - 2 scrolls of amnesia
 y - a scroll of enchant armour {unknown}
Potions
 e - a potion of cancellation
 h - 2 potions of curing
 i - a potion of magic
 v - a potion of haste
 z - a potion of heal wounds


   Skills:
 * Level 5.9 Fighting
 + Level 2.5(4.3) Short Blades
 + Level 5.3(5.6) Long Blades
 + Level 2.0 Throwing
 * Level 5.5 Dodging
 + Level 10.4 Stealth
 + Level 1.1 Shields
 * Level 4.3 Spellcasting
 * Level 2.8 Necromancy
 + Level 3.5 Translocations
 * Level 4.5 Ice Magic


You had 8 spell levels left.
You knew the following spells:

 Your Spells              Type           Power      Damage    Failure   Level
a - Ozocubu's Armour      Ice            17%        N/A       8%          3
b - Blink                 Tloc           28%        N/A       6%          2
g - Magic Dart            Conj           12%        1d3       16%         1
w - Fugue of the Fallen   Necr           12%        N/A       16%         3

Your spell library contained the following spells:

 Spells                   Type           Power      Damage    Failure   Level
 Call Imp                 Summ           6%         N/A       24%         2
 Manifold Assault         Tloc           14%        N/A       36%         4
 Vhi's Electric Charge    Tloc/Air       18%        N/A       61%         4
 Fulminant Prism          Conj/Alch      1%         3d5       85%         4
 Metabolic Englaciation   Hex/Ice        5%         N/A       87%         5
 Arcjolt                  Conj/Air       1%         1d11      99%         5
 Bombard                  Conj/Erth      1%         9d1       100%        6
 Sculpt Simulacrum        Ice/Alch       5%         N/A       100%        6
 Maxwell's Capacitive Co  Air            1%         ∞         100%        8


Dungeon Overview and Level Annotations

Branches:
Dungeon (8/15)             Temple (1/1) D:5
   Lair: D:8-11

Altars:
Dithmenos
Elyvilon
Fedhas
Gozag
Kikubaaqudgha
Nemelex Xobeh
Ru
Sif Muna
Trog
Uskayaw
Vehumet
Wu Jian
Yredelemnul
Zin
The Shining One

Annotations:
D:8 Gastronok


Innate Abilities, Weirdness & Mutations

You cannot wear most types of armour.
You are amphibious.
You can wear up to eight rings at the same time.
Your skin changes colour to match your surroundings (Stealth+).
Your rubbery body absorbs attacks. (AC +1, EV +1)
((You are camouflaged when in or above water. (Stealth+)))
You have tentacles for arms and can constrict up to eight enemies at once.
You are partially covered in large bone plates. (SH +4)
You occasionally shout uncontrollably at your foes.


Message History

You hit Gastronok. You freeze Gastronok.
Gastronok is moderately wounded.
Gastronok chants a spell, wobbling all the while.
You hit Gastronok but do no damage. You squeeze Gastronok!
Gastronok is moderately wounded.
You block the bat's attack.
You hit Gastronok. You freeze Gastronok.
Gastronok is moderately wounded.
You block the bat's attack.
You hit Gastronok but do no damage. You squeeze Gastronok.
Gastronok is moderately wounded.
The bat barely misses you. You block the river rat's attack.
Gastronok bites you!
You hit Gastronok. You freeze Gastronok. You squeeze Gastronok.
Gastronok is moderately wounded.
You block the bat's attack.
You hit Gastronok. You freeze Gastronok. You squeeze Gastronok!
Gastronok is heavily wounded.
The bat barely misses you. The river rat closely misses you.
You hit Gastronok. You freeze Gastronok. You squeeze Gastronok.
Gastronok is heavily wounded.
The bat hits you but does no damage. You block the bat's attack.
Gastronok chants a spell, wobbling all the while.
The river rat completely misses you.
You hit Gastronok but do no damage. You squeeze Gastronok!
Gastronok is heavily wounded.
The bat disappears in a puff of smoke!
The bat hits you but does no damage. The bat misses you.
The river rat misses you.
You slash Gastronok! You freeze Gastronok.
Gastronok is severely wounded.
The rat bites you but does no damage. You block the bat's attack.
You hit Gastronok. You freeze Gastronok. You squeeze Gastronok!
Gastronok is severely wounded.
You block the bat's attack. The river rat misses you. The river rat bites you.
Gastronok waves his eye-stalks in wide circles.
The air twists around and strikes you!!!
Ouch! That really hurt!
You die...
Gastronok gurgles, "Time to dig in!"
Your body crumbles into a pile of gold.

.....#......######....# ###.####
.....#................## #.#
#....#......#..........## #.#
#....####.#.#........#..###.#####
.....####.#.#........##..##......
.....................###..#.#####
.....###...##..b$....# ##.######
.................r...# #.......#
...##.##...##..r@....# #.#....##
...........###.wr..### #.####.##
...##.##...# #.....# #.# #..##
...##.##.[.# #.....# #.# #....
...##.##...# #.....# #.#####..#
#####.##...# #.....# #.........
......###### ####### ########.#
####### #.. ###


You could see Gastronok (swift), 2 river rats, a bat (summoned) and a rat
(summoned).

Vanquished Creatures
  A wyvern (D:7)
  Menkaure (D:5)
  Edmund (D:6)
  A water moccasin (D:6)
  Duvessa (D:6)
  An orc warrior (D:8)
  2 black bears
  A sky beast (D:8)
  2 ice beasts
  3 ogres
  4 centaurs
  2 phantoms (D:5)
  2 kobold brigands
  A scorpion (D:5)
  10 wights
  Dowan (D:6)
  3 killer bees (D:8)
  2 bombardier beetles
  4 hounds
  A gnoll bouda (D:6)
  3 orc priests
  2 jellies
  3 sleepcaps
  3 iguanas
  An orc wizard (D:3)
  4 gnolls
  8 adders
  A white imp (D:6)
  3 ribbon worms
  2 dart slugs
  16 orcs
  6 bats
  6 endoplasms
  4 giant cockroaches
  8 goblins
  4 hobgoblins
  6 jackals
  11 kobolds
  3 quokkas
  6 ball pythons
  5 frilled lizards
  5 rats
154 creatures vanquished.

Notes
Turn   | Place    | Note
-------+----------+-------------------------------------------
     0 | D:5      | Esekla the Octopode Delver began the quest for the Orb.
     0 | D:5      | Reached XP level 1. HP: 16/16 MP: 1/1
    54 | D:5      | Found a shimmering blue altar of Sif Muna.
    65 | D:5      | Found a staircase to the Ecumenical Temple.
    77 | Temple   | Entered the Ecumenical Temple
   105 | D:5      | Noticed a phantom
   109 | D:5      | Noticed a bombardier beetle
   125 | D:5      | Noticed an iguana
   129 | D:5      | Noticed a hound
   227 | Temple   | Became a worshipper of Gozag Ym Sagoz the Greedy
   293 | D:4      | Reached skill level 7 in Stealth
   293 | D:4      | Reached XP level 2. HP: 18/21 MP: 2/2
   606 | D:3      | Reached XP level 3. HP: 26/26 MP: 3/3
  1146 | D:2      | Reached skill level 1 in Spellcasting
  1159 | D:2      | Reached XP level 4. HP: 24/31 MP: 5/5
  1526 | D:1      | Found a faded altar of an unknown god.
  1713 | D:1      | Learned a level 1 spell: Magic Dart
  1716 | D:1      | Learned a level 2 spell: Blink
  2660 | D:3      | Reached skill level 1 in Translocations
  2660 | D:3      | Reached XP level 5. HP: 33/36 MP: 6/6
  2670 | D:3      | Learned a level 3 spell: Ozocubu's Armour
  2965 | D:4      | Identified the +3 falchion of Truncation {freeze, rF+ rN+
                  | Dex+2}
  3001 | D:4      | Found a bloodstained altar of Trog.
  3214 | D:5      | Reached skill level 1 in Short Blades
  3214 | D:5      | Reached XP level 6. HP: 42/42 MP: 7/7
  3241 | D:5      | Reached skill level 8 in Stealth
  3416 | D:5      | Reached skill level 1 in Ice Magic
  3657 | D:5      | Reached XP level 7. HP: 47/47 MP: 9/9
  4180 | D:6      | Noticed Dowan
  4181 | D:6      | Noticed Duvessa
  4189 | D:6      | Killed Dowan
  4190 | D:6      | Reached skill level 9 in Stealth
  4194 | D:6      | HP: 2/48 [Duvessa/+2 short sword of venom (1)]
  4197 | D:6      | Killed Duvessa
  4198 | D:6      | Reached XP level 8. HP: 12/54 MP: 11/11
  4200 | D:6      | Gained mutation: You occasionally shout uncontrollably at
                  | your foes. [potion of mutation]
  4200 | D:6      | Gained mutation: You are partially covered in large bone
                  | plates. (SH +4) [potion of mutation]
  4673 | D:6      | Noticed Menkaure
  4790 | D:5      | Identified the +1 leather armour "Velorhin" {Int+4 Dex-2}
  4820 | D:6      | Found an ancient bone altar of Kikubaaqudgha.
  4844 | D:6      | Found a shadowy altar of Dithmenos.
  5003 | D:6      | Noticed Edmund
  5016 | D:6      | Killed Edmund
  5017 | D:6      | Reached skill level 1 in Throwing
  5084 | D:6      | Learned a level 3 spell: Fugue of the Fallen
  5322 | D:6      | Reached skill level 1 in Necromancy
  5322 | D:6      | Reached XP level 9. HP: 51/59 MP: 13/13
  5763 | D:5      | Killed Menkaure
  6168 | D:7      | Reached skill level 10 in Stealth
  6182 | D:7      | Noticed a +0 hand axe
  6183 | D:7      | Noticed a +0 dagger
  6184 | D:7      | Found a hide-covered altar of Uskayaw.
  6211 | D:7      | Found a glowing silver altar of Zin.
  6218 | D:7      | Got Sif Muna's Grimoire of Mighty Esoterica
  6260 | D:7      | Reached skill level 5 in Fighting
  6282 | D:7      | Reached skill level 5 in Dodging
  6729 | D:7      | Reached skill level 1 in Shields
  6902 | D:8      | Noticed Gastronok
  6921 | D:8      | Reached skill level 5 in Long Blades
  7811 | D:8      | Reached XP level 10. HP: 68/68 MP: 12/16
  8212 | D:8      | Killed from afar by Gastronok

Illustrated notes

Levels and vault maps discovered:
D:1:      dpeg_arrival_radiant, layout_loops_corners,
          shapermc_ecumenical_altar_flowoftime
D:2:      layout_loops_ring, supply_closet_lemuel
D:3:      minmay_spotlight, layout_rooms
D:4:      layout_basic, lightli_temple_of_fire
D:5:      layout_loops_cross, mainiacjoe_overflow_brackets,
          minmay_temple_entry_gardened_gates, serial_bayou, serial_bayou_pond_c,
          serial_bayou_lake_a, serial_bayou_pond_a, serial_bayou_shore_a,
          kb_lookout_dungeons_type
D:6:      layout_loops_ring, mainiacjoe_overflow_alcove_2,
          kiku_gazebo_pond_becter, uniq_duvessa, uniq_edmund, uniq_menkaure
D:7:      layout_basic, dancing_weapons_uskayaw,
          mainiacjoe_overflow_tiny_flanked, minivault_5
D:8:      layout_basic, uniq_gastronok
Temple:   compressed_dpeg_triangle_lava_temple

Skill      XL: |  1  2  3  4  5  6  7  8  9 10 |
---------------+-------------------------------+-----
Stealth        | 7 8 9 10 | 10.4
Spellcasting   | 1 2 3 4 |  4.3
Translocations | 1 2 3 |  3.5
Dodging        | 3 4 5 |  5.5
Short Blades   | 1 2 |  2.5
Ice Magic      | 1 2 3 4 |  4.5
Fighting       | 4 5 |  5.9
Long Blades    | 4 5 |  5.3
Throwing       | 1 2 |  2.0
Necromancy     | 1 2 |  2.8
Shields        | 1 |  1.1

Action                     |  1- 3 |  4- 6 |  7- 9 | 10-12 || total
---------------------------+-------+-------+-------+-------++-------
  Melee: Falchion          |    27 |    22 |   112 |    27 ||   188
         Constrict         |    14 |    17 |    37 |     5 ||    73
         Tentacles         |    13 |    15 |    40 |    15 ||    83
         Dagger            |    28 |    65 |    34 |     4 ||   131
  Throw: Boomerang         |     3 |     1 |    14 |     6 ||    24
         Dart              |       |     3 |    11 |       ||    14
   Cast: Ozocubu's Armour  |       |       |     7 |     6 ||    13
    Use: Scroll            |     1 |       |     7 |       ||     8
         Potion            |       |       |    11 |     1 ||    12
   Stab: Sleeping          |    10 |    16 |    17 |       ||    43
         Distracted        |       |     2 |     1 |       ||     3
 Armour: Skin              |    17 |    30 |    66 |    13 ||   126
  Dodge: Dodged            |    31 |    48 |   101 |    15 ||   195
  Block: Other             |       |       |    18 |     9 ||    27

Table legend: (Time is in decaauts)
 A = Elapsed time spent in this place.
 B = Non-inter-level travel time spent in this place.
 C = Inter-level travel time spent in this place.
 D = Time resting spent in this place.
 E = Time spent auto-exploring this place.
 F = Levels seen in this place.
 G = Mean time per level.
                   A        B        C        D        E       F      G
               +--------+--------+--------+--------+--------+-----+--------+
         Total |   8192 |   7943 |    249 |   2003 |   2322 |   9 |  910.2 |
       Dungeon |   8147 |   7908 |    239 |   2003 |   2322 |   8 | 1018.4 |
        Temple |     45 |     35 |     10 |      0 |      0 |   1 |   45.0 |
               +--------+--------+--------+--------+--------+-----+--------+

Top non-repeatable levels by time:
     D:5: 1965 daAuts
     D:8: 1370 daAuts
     D:6: 1097 daAuts
     D:1: 1014 daAuts
     D:7: 789 daAuts
     D:4: 663 daAuts
     D:3: 629 daAuts
     D:2: 618 daAuts
  Temple: 45 daAuts
